Map: Torres Crepusculares

Players

Sif

  • Race: Terran Terran
  • League: Master

TheZergLord - Winner!

  • Race: Zerg Zerg
  • League: Master

VOD

Have the link to the VOD?

Description

Time

  • Played on: Feb. 20, 2016, 6:56 a.m.
  • Length: 5:38
Show
View Real Time Build Order
Export as new Build Order

Sif Terran 

Build Orders:  

Get SALT Encoding   

  12  0:00  SCV  
  13  0:12  SCV  
  14  0:17  Supply Depot  
  14  0:24  SCV  
  15  0:39  SCV  
  15  0:40  Barracks  
  16  0:43  Refinery  
  16  0:51  SCV  
  17  1:00  Barracks  
  17  1:03  SCV  
  18  1:15  Barracks  
  18  1:19  SCV  
  19  1:27  Reaper  
  20  1:36  Orbital Command  
  20  1:46  Refinery  
  20  1:47  Reaper  
  21  1:54  Supply Depot  
  21  2:01  SCV  
  21  2:03  Reaper  
  23  2:16  SCV  
  23  2:19  Reaper  
  25  2:27  Reaper  
  25  2:28  SCV  
  27  2:34  Supply Depot  
  27  2:38  Reaper  
  28  2:50  SCV  
  28  2:51  Reaper  
  30  3:03  SCV  
  30  3:15  Reaper x2  
  32  3:21  Command Center  
  32  3:23  Reaper  
  32  3:26  Bunker  
  33  3:35  Supply Depot  
  33  3:38  Supply Depot  
  33  3:51  Barracks Tech Lab  
  32  3:59  Marine  
  32  4:01  Marine  
  32  4:02  Bunker  
  28  4:20  Marauder, Marine  
  29  4:31  SCV  
  29  4:34  Factory, SCV  
  29  4:38  Marine  
  31  4:43  Marauder  
  32  4:46  SCV  
  33  4:55  Marine  
  29  5:04  Marine  
  31  5:18  SCV  
  30  5:27  Factory Tech Lab  
Show
View Real Time Build Order
Export as new Build Order

TheZergLord Zerg - Winner!

Build Orders: Hatch First, Ravager All-In 

Get SALT Encoding   

  12  0:01  Drone  
  13  0:13  Overlord  
  13  0:27  Drone  
  14  0:32  Drone x2  
  16  0:38  Drone  
  17  0:56  Hatchery  
  16  0:59  Drone  
  17  1:12  Extractor  
  17  1:14  Spawning Pool  
  17  1:17  Drone  
  16  1:21  Drone  
  17  1:26  Drone  
  17  1:32  Drone  
  19  1:42  Extractor  
  19  1:43  Drone  
  19  1:53  Drone  
  20  2:04  Queen, Roach Warren  
  21  2:10  Queen  
  21  2:15  Drone  
  24  2:19  Drone  
  25  2:26  Overlord  
  25  2:33  Drone  
  26  2:45  Roach  
  26  2:46  Roach  
  26  2:47  Roach  
  32  2:59  Overlord  
  32  3:07  Ravager x2  
  32  3:11  Ravager  
  35  3:19  Roach x2  
  37  3:33  Roach  
  39  3:34  Overlord  
  39  3:41  Ravager x2  
  41  3:50  Roach  
  41  3:55  Overlord  
  37  4:18  Ravager  
  37  4:23  Roach x3  
  41  4:34  Roach x6  
  41  4:35  Roach  
  55  4:42  Ravager  
  52  5:08  Roach x3  
  52  5:12  Ravager  
Tags
 
Add a new tag
Caveats
  • Supply blocks, unpowered buildings, or Contaminate may cause inaccurate times.
  • Supply counts are checked every 10 seconds.